Map: Pillars of Gold LE

Players

Solar - Winner!

  • Race: Zerg Zerg
  • Spawn Location: 7:00

SortOf

  • Race: Zerg Zerg
  • League: Grandmaster
  • Spawn Location: 1:00

Event: War Chest Team League

VOD

Have the link to the VOD?

Description

Time

  • Played on: Aug. 2, 2020, 7:52 a.m.
  • Length: 4:58
Show
View Real Time Build Order
Export as new Build Order

Solar Zerg - Winner!

Build Orders: Hatch First 

Get SALT Encoding   

  12  0:01  Drone  
  13  0:12  Overlord  
  13  0:18  Drone  
  14  0:32  Drone x2  
  16  0:49  Hatchery  
  15  0:53  Drone  
  15  0:56  Drone  
  17  0:59  Drone  
  18  1:10  Extractor  
  17  1:15  Spawning Pool  
  17  1:18  Drone  
  17  1:23  Drone  
  18  1:29  Drone  
  19  1:39  Drone  
  20  1:50  Drone  
  21  2:01  Queen x2  
  21  2:02  Zergling x2  
  21  2:03  Overlord  
  26  2:10  Metabolic Boost  
  26  2:12  Drone  
  26  2:15  Drone  
  29  2:22  Drone  
  29  2:23  Drone  
  30  2:38  Hatchery  
  30  2:41  Drone  
  30  2:42  Drone  
  31  2:46  Drone  
  31  2:50  Overlord  
  32  3:02  Drone x2  
  33  3:07  Baneling Nest  
  32  3:14  Zergling x12  
  32  3:15  Zergling x2  
  32  3:18  Drone  
  40  3:22  Overlord  
  40  3:23  Zergling x2  
  41  3:37  Drone x2  
  43  3:47  Zergling x6  
  46  3:49  Queen, Drone x2  
  46  3:51  Drone  
  50  3:57  Roach Warren  
  50  3:58  Baneling x3, Zergling x4  
  50  4:01  Zergling x2  
  52  4:05  Zergling x6  
  52  4:06  Spine Crawler  
  55  4:11  Overlord  
  55  4:12  Zergling x2  
  56  4:19  Zergling x6  
  56  4:22  Zergling x6  
  57  4:25  Zergling x2  
  57  4:26  Baneling x2  
  58  4:31  Zergling x6  
  58  4:35  Baneling  
  58  4:36  Zergling x4  
  60  4:43  Roach Warren  
Show
View Real Time Build Order
Export as new Build Order

SortOf Zerg 

Build Orders: Hatch First 

Get SALT Encoding   

  12  0:00  Drone  
  13  0:13  Overlord  
  13  0:17  Drone  
  14  0:32  Drone x2  
  16  0:50  Hatchery  
  16  0:53  Drone  
  17  0:57  Drone  
  17  1:00  Drone  
  18  1:14  Spawning Pool  
  18  1:17  Extractor  
  16  1:20  Drone  
  16  1:23  Drone  
  18  1:29  Drone  
  19  1:41  Drone  
  20  1:52  Hatchery  
  19  1:55  Drone  
  20  2:04  Queen  
  20  2:08  Drone  
  23  2:12  Drone  
  24  2:17  Drone  
  24  2:19  Drone  
  26  2:25  Zergling x2  
  26  2:28  Drone  
  28  2:30  Metabolic Boost  
  28  2:37  Evolution Chamber  
  28  2:41  Overlord  
  28  2:43  Drone  
  28  2:54  Roach Warren  
  28  2:57  Drone  
  28  3:05  Overlord  
  28  3:06  Zergling x6  
  31  3:16  Zergling x4  
  31  3:17  Overlord  
  33  3:34  Roach  
  33  3:35  Roach x2  
  33  3:37  Zergling x4  
  41  3:44  Evolution Chamber  
  41  3:46  Zergling x4  
  41  3:48  Zergling x2  
  43  3:52  Zergling x2  
  43  3:53  Zergling x2  
  45  3:58  Ravager x2  
  45  3:59  Zergling x6  
  50  4:05  Zergling x2  
  54  4:10  Roach  
  54  4:11  Zergling x2  
  54  4:13  Zergling x2  
  54  4:18  Zergling x4  
  54  4:20  Zergling x4  
  54  4:22  Zergling x4  
  49  4:29  Zergling x2  
  43  4:31  Zergling x2  
  43  4:32  Zergling x2  
  41  4:38  Zergling x4  
  41  4:39  Zergling x2  
Tags
 
Add a new tag
Caveats
  • Supply blocks, unpowered buildings, or Contaminate may cause inaccurate times.
  • Supply counts are checked every 10 seconds.